 Dungeon Crawl Stone Soup version 0.13-a0-2700-g8dc4729 (webtiles) character file.

393 JacquesDerrida the Bolt Thrower (level 6, 0/35 HPs)
             Began as a Tengu Hunter on Aug 15, 2013.
             Slain by disskorpion's ghost (8 damage)
             ... on Level 4 of the Dungeon.
             The game lasted 00:08:35 (2857 turns).

JacquesDerrida the Bolt Thrower (Tengu Hunter)      Turns: 2857, Time: 00:08:35

HP   0/35        AC  5     Str 14      XL: 6   Next:  7%
MP   7/7         EV 16     Int 12      God:
Gold 155         SH  0     Dex 14      Spells:  0 memorised,  5 levels left

Res.Fire  : . . .   See Invis. : .   b - +1 crossbow
Res.Cold  : . . .   Warding    : .   s - +0 elf leather armour
Life Prot.: . . .   Conserve   : .   (no shield)
Res.Poison: .       Res.Corr.  : .   (helmet restricted)
Res.Elec. : .       Clarity    : .   u - +0 cloak
Sust.Abil.: . .     Spirit.Shd : .   k - +0 pair of gauntlets
Res.Mut.  : .       Stasis     : +   (boots unavailable)
Res.Rott. : .       Flight     : .   e - amulet of stasis
Saprovore : . . .                    v - +5 ring of evasion
                                     h - ring of flight

@: slightly resistant to hostile enchantments, unstealthy
A: able to fly, beak, talons 3
a: Fly, Evoke Flight


You were on level 4 of the Dungeon.
You were not hungry.

You visited 1 branch of the dungeon, and saw 4 of its levels.

You collected 135 gold pieces.

Inventory:

Hand weapons
 a - a +0,+0 short sword
 b - a +1,+1 crossbow (weapon)
 l - a +0,+0 spear of dragon slaying
Missiles
 c - 34 bolts (quivered)
 t - 4 darts of frost
Armour
 d - a +0 leather armour
 k - a +0 pair of gauntlets (worn)
 s - a +0 elven leather armour (worn)
 u - a +0 cloak (worn)
Comestibles
 f - 3 bread rations
 o - a choko
 w - 2 oranges
 z - 2 meat rations
 A - 3 rotting chunks of orc flesh
 D - 2 rotting chunks of hobgoblin flesh
Scrolls
 j - a scroll of remove curse
 n - a scroll of enchant armour {unknown}
Jewellery
 e - an amulet of stasis (around neck)
 h - a ring of flight (left hand)
 v - a +5 ring of evasion (right hand)
Potions
 i - a potion of curing
 q - 3 potions of confusion


   Skills:
 - Level 1.0 Fighting
 + Level 7.8 Crossbows
 - Level 2.1 Dodging
 - Level 1.0 Stealth


You had 5 spell levels left.
You didn't know any spells.

Dungeon Overview and Level Annotations

Branches:
Dungeon (4/27)
 Temple: D:4-7

Altars:
Nemelex Xobeh
Sif Muna

Annotations
D:4 disskorpion's ghost, average GrMo


Innate Abilities, Weirdness & Mutations

You can fly.
You have a beak for a mouth.
You have claws for feet.


Message History

There is a stone staircase leading down here.
There is a stone staircase leading down here.
Drink which item? (? for menu, Esc to quit)
Your amulet of stasis emits a piercing whistle.
It was a potion of speed.
You climb downwards.
Level annotation: disskorpion's ghost, average GrMo Disskorpion's ghost hits you!
There is a stone staircase leading up here.
You see here 2 yellow potions.
Drink which item? (? for menu, Esc to quit)
You are confused.
It was a potion of confusion.
Disskorpion's ghost hits you!
* * * LOW HITPOINT WARNING * * *
Drink which item? (? for menu, Esc to quit)
You feel refreshed.
It was a potion of restore abilities.
Disskorpion's ghost closely misses you.
Drink which item? (? for menu, Esc to quit)
You feel better.
It was a potion of curing.
Disskorpion's ghost hits you!
You die...

###+######
#........#
#.<......#
+...p....#
#...@....#
#.....((.#
#........#
####'#####
..# .## .
.. .


You could see disskorpion's ghost.

Vanquished Creatures
  An ogre (D:4)
  An orc wizard (D:3)
  3 adders
  A giant mite (D:3)
  2 worms
  2 adder skeletons
  An ooze (D:3)
  11 orcs (D:3)
  7 bats
  A bat zombie (D:2)
  4 hobgoblins (D:3)
  4 jackals
  5 kobolds
  4 giant cockroaches
  A giant gecko (D:1)
  A giant gecko zombie (D:2)
  5 giant newts
  8 goblins
  2 kobold zombies (D:2)
  2 orc zombies (D:2)
  9 rats
75 creatures vanquished.

Notes
Turn   | Place    | Note
--------------------------------------------------------------
     0 | D:1      | JacquesDerrida, the Tengu Hunter, began the quest for the Orb.
     0 | D:1      | Reached XP level 1. HP: 12/12 MP: 0/0
   158 | D:1      | Reached XP level 2. HP: 17/17 MP: 2/2
   343 | D:1      | Reached skill level 5 in Crossbows
   813 | D:2      | Reached XP level 3. HP: 17/21 MP: 3/3
  1607 | D:2      | Reached skill level 6 in Crossbows
  1607 | D:2      | Reached XP level 4. HP: 21/26 MP: 4/4
  2302 | D:3      | Reached XP level 5. HP: 24/30 MP: 6/6
  2576 | D:3      | Reached skill level 7 in Crossbows
  2750 | D:3      | Found a sparkling altar of Nemelex Xobeh.
  2750 | D:3      | Found a deep blue altar of Sif Muna.
  2810 | D:4      | Noticed an ogre
  2814 | D:4      | Killed an ogre
  2814 | D:4      | Reached XP level 6. HP: 35/35 MP: 7/7
  2823 | D:4      | Noticed disskorpion's ghost (average GrMo)
  2857 | D:4      | Slain by disskorpion's ghost

Action                   |  1- 3 |  4- 6 || total
-------------------------+-------+-------++-------
Melee: Short sword       |    21 |       ||    21
       Spear             |   108 |   101 ||   209
 Fire: Crossbow          |       |    15 ||    15
 Abil: Fly               |       |     1 ||     1
  Use: Scroll            |       |     8 ||     8
       Potion            |       |     4 ||     4
 Stab: Sleeping          |     2 |       ||     2
